 Dungeon Crawl Stone Soup version 0.31-a0-981-geadf994542 (webtiles) character file.

Game seed: 8999670307407672220

8554 porpoise the Slicer (level 11, -6/79 HPs)
             Began as a Demonspawn Enchanter on Nov 1, 2023.
             Was an Initiate of Gozag.
             Mangled by Harold
             ... wielding a +0 battleaxe of holy wrath
              (13 damage)
             ... on level 10 of the Dungeon.
             The game lasted 00:44:32 (11198 turns).

porpoise the Slicer (Demonspawn Enchanter)         Turns: 11198, Time: 00:44:50

Health: -6/79      AC:  8    Str: 11    XL:     11   Next: 11%
Magic:  25/27      EV: 14    Int: 19    God:    Gozag
Gold:   881        SH:  0    Dex: 16    Spells: 12/20 levels left

rFire   . . .        a - +6 rapier "Muew" {venom, Will+ rCorr Str+3 SInv}
rCold   . . .        (no shield)
rNeg    . . .        u - +2 robe
rPois   .            l - +1 helmet
rElec   .            (no cloak)
rCorr   +            (no gloves)
SInv    +            (no boots)
Will    +....        r - amulet of the acrobat
Stlth   +++          y - ring of magical power
HPRegen 0.33/turn    k - ring of resist corrosion
MPRegen 0.20/turn

%: acrobat
@: confusing by touch, gold aura
A: claws 2, demonic guardian 2, powered by death 2, sharp scales 2
a: Renounce Religion, Potion Petition, Call Merchant, Bribe Branch


You were on level 10 of the Dungeon.
You worshipped Gozag.
Gozag was pleased with you.
You visited 2 branches of the dungeon, and saw 11 of its levels.

You collected 1581 gold pieces.
You spent 623 gold pieces at shops.
You paid 77 gold pieces to Gozag.

Inventory:

Hand Weapons
 a - the +6 rapier "Muew" (weapon) {venom, Will+ rCorr Str+3 SInv}
   (You found it on level 5 of the Dungeon)

   Str+3:     It affects your strength (+3).
   Will+:     It increases your willpower.
   SInv:      It lets you see invisible.
   rCorr:     It protects you from acid and corrosion.
 b - the +7 captain's cutlass {speed, disarm}
   (You bought it in a shop on level 3 of the Dungeon)
Missiles
 m - 7 boomerangs
 o - 2 throwing nets
 E - 2 darts of dispersal
 G - a curare-tipped dart
Armour
 l - a +1 helmet (worn)
 u - a +2 robe (worn)
Jewellery
 k - a ring of resist corrosion (right claw)
 r - an amulet of the acrobat (around neck)
 y - a ring of magical power (left claw)
Wands
 i - a wand of charming (21)
 B - a wand of polymorph (9)
 C - a wand of mindburst (13)
Scrolls
 d - a scroll of revelation {unknown}
 f - 6 scrolls of teleportation
 g - a scroll of fog
 j - a scroll of summoning
 n - a scroll of noise {unknown}
 p - a scroll of immolation {unknown}
 q - a scroll of blinking {unknown}
 s - a scroll of enchant armour {unknown}
 t - a scroll of vulnerability {unknown}
 w - a scroll of fear {unknown}
Potions
 c - a potion of haste
 e - a potion of brilliance {unknown}
 h - a potion of resistance
 v - 2 potions of curing
 x - 2 potions of berserk rage
 z - 2 potions of attraction
 A - a potion of might {unknown}
 D - 4 potions of heal wounds
 F - 2 potions of mutation {unknown}
 H - a potion of cancellation {unknown}


   Skills:
 + Level 5.0 Fighting
 + Level 10.3 Short Blades
 - Level 5.0 Dodging
 - Level 5.0 Stealth
 - Level 5.0 Spellcasting
 - Level 7.0 Hexes
 - Level 3.0 Ice Magic
 - Level 5.0 Evocations


You had 12 spell levels left.
You knew the following spells:

 Your Spells              Type           Power      Damage    Failure   Level
a - Confusing Touch       Hex            31%        N/A       1%          3
e - Ensorcelled Hibernat  Hex/Ice        46%        N/A       2%          2
t - Tukima's Dance        Hex            31%        N/A       1%          3

Your spell library contained the following spells:

 Spells                   Type           Power      Damage    Failure   Level
 Jinxbite                 Hex            62%        N/A       1%          2
 Sigil of Binding         Hex            31%        N/A       1%          3
 Dazzling Flash           Conj/Hex       36%        N/A       9%          3
 Magic Dart               Conj           16%        1d3       12%         1
 Poisonous Vapours        Pois/Air       8%         N/A       19%         2
 Searing Ray              Conj           8%         2d4       19%         2
 Static Discharge         Conj/Air       8%         3-4/arc   19%         2
 Hailstorm                Conj/Ice       10%        3d5       21%         3
 Anguish                  Hex/Necr       9%         N/A       28%         4
 Dimensional Bullseye     Hex/Tloc       9%         N/A       28%         4
 Fulminant Prism          Conj/Hex       9%         3d7       28%         4
 Leda's Liquefaction      Hex/Erth       9%         N/A       28%         4
 Call Canine Familiar     Summ           4%         N/A       36%         3
 Mephitic Cloud           Conj/Pois/Air  4%         N/A       36%         3
 Summon Ice Beast         Ice/Summ       10%        N/A       54%         4
 Airstrike                Air            2%         2d(1-17)  77%         4
 Summon Lightning Spire   Summ/Air       4%         N/A       77%         4
 Freezing Cloud           Conj/Ice/Air   4%         6-21      92%         5
 Simulacrum               Ice/Necr       Unusable   N/A       N/A         6

Dungeon Overview and Level Annotations

Branches:
Dungeon (10/15)            Temple (1/1) D:4
   Lair: D:8-11         Orc: D:9-12

Altars:
Ashenzari
Cheibriados
Dithmenos
Fedhas
Gozag
Kikubaaqudgha
Makhleb
Nemelex Xobeh
Okawaru
Qazlal
Ru
Sif Muna
Trog
Uskayaw
Vehumet
Wu Jian
Xom
Yredelemnul

Shops:
D:2 [   D:3 (   D:4 *   D:7 (

Annotations:
D:3 3 runed translucent doors, SkeletorGaming's ghost, amateur HOMo
D:4 3 runed translucent doors, jpeg9000's ghost, amateur TrSh
D:10 Harold


Innate Abilities, Weirdness & Mutations

You have very sharp fingernails.
A demonic guardian rushes to your aid.
You regenerate health from kills.
You are mostly covered in razor-sharp scales. (AC +2, Slay +2)


Message History

Okay, then.
Unknown command.
Casting: Ensorcelled Hibernation (safe; 2% risk of failure)
Confirm with . or Enter, or press ? or * to list all spells.
Your claws begin to glow red.
Harold hits you with a +0 battleaxe of holy wrath!
You convulse!
The orc misses you.
You barely miss Harold.
Harold hits you with a +0 battleaxe of holy wrath.
You convulse.
The orc priest hits you but does no damage.
The orc hits you with a +0 mace.
You hit Harold but do no damage. You hit Harold but do no damage.
Harold hits you with a +0 battleaxe of holy wrath!
A demonic guardian appears!
You convulse!
The orc priest hits you with a +0 club. The orc misses you.
You hit Harold but do no damage.
You kill the orc!
Harold hits you but does no damage.
The orc priest hits you but does no damage.
You barely miss Harold. Your hellwing hits the orc priest!
Your hellwing hits the orc priest.
The orc priest dies!
You hit Harold but do no damage.
An orc wizard comes into view. It is wielding a +0 dagger.
Harold hits you with a +0 battleaxe of holy wrath!
* * * LOW HITPOINT WARNING * * *
You convulse.
* * * LOW HITPOINT WARNING * * *
You feel much better.
Harold hits you with a +0 battleaxe of holy wrath.
You convulse!
You hit Harold but do no damage.
Harold hits you with a +0 battleaxe of holy wrath!
* * * LOW HITPOINT WARNING * * *
You convulse!
You die...
Harold sighs, "Finally, I can get that place near the shore and settle down."
Your body crumbles into a pile of gold.

........#..#
##.#.....#.o.
#..#.......#
#.......#.###
#..........#
#....."....
#....$$# .......
##....4@# #......
#.....@### ##.....
##.........
#......
#.......@...
.......
######.........##
.......
#.............###
#.....#
#...............##
#.....<
##...............
##.....
#........####.##.
#......


You could see Harold (ally target), an orc wizard and a friendly hellwing
(summoned).

Vanquished Creatures
  Erica (D:8)
  2 two-headed ogres (D:9)
  Pikel (D:5)
  A cyclops (D:7)
  A troll (D:9)
  Eustachio (D:5)
  5 yaks (D:8)
  5 steam dragons
  An acid dragon (D:8)
  3 black bears
  A sky beast (D:6)
  An orc warrior (D:8)
  3 centaurs
  An ogre (D:5)
  2 kobold brigands (D:8)
  2 lemures (D:5)
  A phantom (D:7)
  9 bullfrogs
  8 scorpions
  2 wights (D:8)
  7 killer bees
  3 vampire bats (D:7)
  3 jellies
  3 orc priests
  2 sleepcaps
  A scorpion zombie (D:4)
  Terence (D:2)
  7 iguanas
  11 orc wizards
  A hound zombie (D:4)
  Robin (D:1)
  6 gnolls
  6 adders
  A shadow imp (D:7)
  A white imp (D:6)
  3 adder zombies (D:4)
  A worm (D:2)
  2 dart slugs
  32 orcs
  11 ball pythons
  4 bat skeletons (D:7)
  3 bat zombies (D:7)
  6 endoplasms
  7 giant cockroaches
  17 goblins
  9 hobgoblins
  10 bats
  7 frilled lizards
  17 kobolds
  6 rats
240 creatures vanquished.

Vanquished Creatures (collateral kills)
  A centaur (D:9)
  2 lemures (D:5)
  A phantom (D:5)
  3 wights (D:8)
  4 killer bees (D:9)
  An orc priest (D:10)
  An iguana (D:8)
  A gnoll (D:4)
  A dart slug (D:3)
  A kobold (D:3)
16 creatures vanquished.

Grand Total: 256 creatures vanquished

Notes
Turn   | Place    | Note
-------+----------+-------------------------------------------
     0 | D:1      | porpoise the Demonspawn Enchanter began the quest for the
                  | Orb.
     0 | D:1      | Reached XP level 1. HP: 13/13 MP: 3/3
    71 | D:1      | Reached skill level 1 in Short Blades
   244 | D:1      | Gained mutation: You are partially covered in razor-sharp
                  | scales. (AC +1, Slay +1) [demonic ancestry]
   244 | D:1      | Reached XP level 2. HP: 19/19 MP: 5/5
   247 | D:1      | Learned a level 2 spell: Ensorcelled Hibernation
   688 | D:1      | Gained mutation: You regenerate a little health from kills.
                  | [demonic ancestry]
   688 | D:1      | Reached XP level 3. HP: 24/24 MP: 6/6
   692 | D:1      | Learned a level 3 spell: Confusing Touch
  1383 | D:2      | Found Oschycv Duecs's Antique Armour Shop.
  1409 | D:2      | Reached skill level 1 in Ice Magic
  1610 | D:2      | Noticed Terence
  1645 | D:2      | HP: 1/24 [Terence/+0 short sword (4)]
  1649 | D:2      | Killed Terence
  1650 | D:2      | Reached skill level 2 in Short Blades
  1650 | D:2      | Gained mutation: A weak demonic guardian rushes to your
                  | aid. [demonic ancestry]
  1650 | D:2      | Reached XP level 4. HP: 4/30 MP: 1/7
  2103 | D:2      | Noticed Robin
  2513 | D:1      | Killed Robin
  2868 | D:3      | Found Rosugago's Weapon Emporium.
  3032 | D:3      | Gained mutation: You are mostly covered in razor-sharp
                  | scales. (AC +2, Slay +2) [demonic ancestry]
  3032 | D:3      | Reached XP level 5. HP: 29/35 MP: 0/8
  3304 | D:3      | Found a runed translucent gate.
  3305 | D:3      | Found a runed translucent gate.
  3306 | D:3      | Found a runed translucent gate.
  3308 | D:3      | Noticed SkeletorGaming's ghost (amateur HOMo)
  3601 | D:4      | Found a runed translucent gate.
  3601 | D:4      | Found a runed translucent gate.
  3601 | D:4      | Found a runed translucent gate.
  3617 | D:4      | Noticed jpeg9000's ghost (amateur TrSh)
  3622 | D:4      | Identified the +0 scale mail of Impermeability {+Inv}
  3642 | D:4      | Learned a level 3 spell: Tukima's Dance
  3682 | D:4      | Reached skill level 3 in Short Blades
  3833 | D:4      | Reached XP level 6. HP: 33/41 MP: 9/9
  3854 | D:4      | Found a basalt altar of Yredelemnul.
  3907 | D:4      | Found Jaixzur's Assorted Antiques.
  3928 | D:4      | Reached skill level 5 in Hexes
  3998 | D:4      | Bought a scroll labelled IBLOCK AMOHA for 21 gold pieces
  3998 | D:4      | Bought a scroll labelled BOTZORE USIRIU for 21 gold pieces
  3998 | D:4      | Bought an amethyst potion for 18 gold pieces
  4062 | D:4      | Found a staircase to the Ecumenical Temple.
  4071 | Temple   | Entered the Ecumenical Temple
  4083 | Temple   | Became a worshipper of Gozag Ym Sagoz the Greedy
  4144 | D:4      | Gained mutation: A demonic guardian rushes to your aid.
                  | [demonic ancestry]
  4144 | D:4      | Reached XP level 7. HP: 46/46 MP: 6/11
  4157 | D:4      | Reached skill level 4 in Short Blades
  4878 | D:5      | Entered Level 5 of the Dungeon
  5048 | D:5      | Noticed Pikel
  5122 | D:5      | Killed Pikel
  5123 | D:5      | Reached skill level 5 in Short Blades
  5123 | D:5      | Gained mutation: You have sharp fingernails. [demonic
                  | ancestry]
  5123 | D:5      | Reached XP level 8. HP: 33/52 MP: 3/14
  5616 | D:5      | Identified the +6 rapier "Muew" {venom, Will+ rCorr Str+3
                  | SInv}
  5908 | D:5      | Reached skill level 5 in Spellcasting
  5952 | D:5      | Noticed Eustachio
  5977 | D:5      | Reached skill level 6 in Short Blades
  5981 | D:5      | Killed Eustachio
  5982 | D:5      | Reached skill level 1 in Fighting
  6219 | D:6      | Gained mutation: You have very sharp fingernails. [demonic
                  | ancestry]
  6219 | D:6      | Reached XP level 9. HP: 61/61 MP: 16/16
  6446 | D:6      | Found a shimmering altar of Xom.
  7054 | D:3      | Bought the +7 captain's cutlass {speed, disarm} for 540
                  | gold pieces
  7054 | D:3      | Found the +7 captain's cutlass {speed, disarm}
  7444 | D:7      | Reached skill level 7 in Short Blades
  7786 | D:7      | Reached skill level 5 in Stealth
  7977 | D:7      | Noticed a cyclops
  7986 | D:7      | Killed a cyclops
  8049 | D:7      | Found Qyocat's Weapon Emporium.
  8060 | D:7      | Bought 2 darts of dispersal for 23 gold pieces
  8252 | D:7      | Found an ornate altar of the Wu Jian Council.
  8400 | D:7      | Found an ancient bone altar of Kikubaaqudgha.
  8406 | D:7      | Reached skill level 5 in Fighting
  8524 | D:8      | Reached XP level 10. HP: 74/74 MP: 17/17
  8598 | D:8      | Reached skill level 8 in Short Blades
  9046 | D:8      | Found a shadowy altar of Dithmenos.
  9056 | D:8      | Noticed Erica
  9065 | D:8      | Killed Erica
  9066 | D:8      | Reached skill level 9 in Short Blades
  9066 | D:8      | Reached skill level 5 in Dodging
  9252 | D:8      | Reached skill level 1 in Evocations
  9541 | D:8      | Found a bloodstained altar of Trog.
  9641 | D:9      | Identified the "Veoran"
  9655 | D:9      | Noticed a two-headed ogre
  9661 | D:9      | Killed a two-headed ogre
  9934 | D:9      | Reached skill level 10 in Short Blades
 10258 | D:9      | Gained mutation: You regenerate health from kills. [demonic
                  | ancestry]
 10258 | D:9      | Reached XP level 11. HP: 79/79 MP: 18/18
 10473 | D:9      | Noticed a two-headed ogre
 10483 | D:9      | Killed a two-headed ogre
 10484 | D:9      | Reached skill level 5 in Evocations
 10974 | D:10     | Entered Level 10 of the Dungeon
 11184 | D:10     | Noticed Harold
 11198 | D:10     | Mangled by Harold

Illustrated notes

Levels and vault maps discovered:
D:1:      minmay_arrival_split_and_join, layout_basic
D:2:      minmay_spotlight, layout_loops_ring, serial_shops,
          nicolae_diamond_shop, uniq_terence, uniq_robin
D:3:      cheibrodos_helix_gallery, layout_rooms, serial_shops, shop,
          ebering_ghost_rock_garden, chequers_jeans
D:4:      layout_basic, nicolae_yredelemnul_corpse_copse,
          minmay_temple_entry_mist, biasface_ghost_orc_armoury, serial_shops,
          shop_statue
D:5:      minmay_inner_zag, layout_basic, uniq_pikel, uniq_eustachio
D:6:      layout_basic, xom_teletrap_fun, nrook_mini_backslash, minivault_19
D:7:      layout_cave_pools, kennysheep_vampire_church, kennysheep_little_box,
          serial_shops, nicolae_shop_hallway_plus
D:8:      layout_rooms, trog_butcher_becter, nicolae_overflow_two_pavilions,
          minmay_stone_trees_small, kennysheep_diamond, uniq_erica
D:9:      layout_roguey
D:10:     layout_cave_pools, lemuel_round_altar, kennysheep_decorative_pillar,
          uniq_harold
Temple:   nicolae_temple_great_sept

Skill      XL: |  1  2  3  4  5  6  7  8  9 10 11 |
---------------+----------------------------------+-----
Short Blades   | 1 2 3 5 6 7 10 | 10.3
Ice Magic      | 1 2 3 |  3.0
Hexes          | 4 5 6 7 |  7.0
Spellcasting   | 4 5 |  5.0
Fighting       | 1 5 |  5.0
Stealth        | 3 5 |  5.0
Dodging        | 3 5 |  5.0
Evocations     | 4 5 |  5.0

Action                     |  1- 3 |  4- 6 |  7- 9 | 10-12 || total
---------------------------+-------+-------+-------+-------++-------
  Melee: Dagger            |   163 |   237 |    75 |       ||   475
         Punch             |     2 |     4 |     2 |     1 ||     9
         Rapier            |       |       |   157 |   130 ||   287
         Cutlass           |       |       |    10 |    22 ||    32
  Throw: Dart              |       |       |    11 |       ||    11
   Cast: Ensorcelled Hiber |     2 |    22 |    22 |    12 ||    58
         Confusing Touch   |     1 |     1 |     3 |     3 ||     8
    Use: Potion            |     1 |     2 |     1 |     1 ||     5
         Scroll            |       |     5 |     4 |     1 ||    10
   Stab: Sleeping          |     7 |    16 |    29 |    10 ||    62
         Confused          |     1 |     1 |     5 |     1 ||     8
         Invisible         |     1 |     1 |       |       ||     2
         Distracted        |       |     1 |     1 |       ||     2
 Armour: Robe              |    90 |   111 |   129 |    64 ||   394
  Dodge: Dodged            |    93 |   156 |   162 |    82 ||   493

Table legend: (Time is in decaauts)
 A = Elapsed time spent in this place.
 B = Non-inter-level travel time spent in this place.
 C = Inter-level travel time spent in this place.
 D = Time resting spent in this place.
 E = Time spent auto-exploring this place.
 F = Levels seen in this place.
 G = Mean time per level.
                   A        B        C        D        E       F      G
               +--------+--------+--------+--------+--------+-----+--------+
         Total |  11080 |  10413 |    667 |   2935 |   5274 |  11 | 1007.3 |
       Dungeon |  11045 |  10401 |    644 |   2935 |   5274 |  10 | 1104.5 |
        Temple |     34 |     11 |     23 |      0 |      0 |   1 |   34.0 |
               +--------+--------+--------+--------+--------+-----+--------+

Top non-repeatable levels by time:
     D:1: 1882 daAuts
     D:9: 1330 daAuts
     D:6: 1311 daAuts
     D:4: 1289 daAuts
     D:5: 1252 daAuts
     D:8: 1121 daAuts
     D:2: 970 daAuts
     D:7: 969 daAuts
     D:3: 716 daAuts
    D:10: 202 daAuts
  Temple: 34 daAuts
